 Dungeon Crawl Stone Soup version 0.31-a0-167-g1c394c0614 (webtiles) character file.

Game seed: 1278397046622366156

60 qw the Chopper (level 4, -2/28 HPs)
             Began as a Gargoyle Fighter on June 14, 2023.
             Killed from afar by an orc wizard (4 damage)
             ... with a magic dart
             ... on level 3 of the Dungeon.
             The game lasted 00:00:44 (2323 turns).

qw the Chopper (Gargoyle Fighter)                   Turns: 2323, Time: 00:00:44

Health: -2/28      AC: 13    Str: 22    XL:     4   Next: 6%
Magic:  0/4        EV:  9    Int:  8    God:
Gold:   90         SH:  0    Dex:  9    Spells: 3/3 levels left

rFire   . . .        Y - +1 war axe
rCold   . . .        c - +0 buckler
rNeg    + . .        b - +0 scale mail
rPois   inf          (no helmet)
rElec   +            e - +2 cloak
rCorr   .            (no gloves)
SInv    .            (no boots)
Will    .....        i - amulet of guardian spirit Stlth
                     (no ring)
HPRegen 0.24/turn    (no ring)
MPRegen 0.09/turn

%: guardian spirit
@: confused
A: sickness immunity, AC +3, negative energy resistance 1, electricity
resistance, torment resistance 1, petrification resistance
a: no special abilities


You were on level 3 of the Dungeon.
You visited 1 branch of the dungeon, and saw 3 of its levels.

You collected 90 gold pieces.


Innate Abilities, Weirdness & Mutations

You are immune to sickness and miasma.
Your stone body is resilient. (AC +3)
You are immune to poison.
You resist negative energy. (rN+)
You are resistant to electric shocks. (rElec)
You are resistant to unholy torment.
You are immune to petrification.


   Skills:
 - Level 3.2 Fighting
 + Level 3.8 Axes
 - Level 3.2 Armour
 - Level 3.2 Shields


You had 3 spell levels left.
You didn't know any spells.
Your spell library was empty.

Inventory:

Hand Weapons
 h - a +0 mace
 Y - a +1 war axe (weapon)
Missiles
 g - 2 boomerangs (quivered)
Armour
 b - a +0 scale mail (worn)
 c - a +0 buckler (worn)
 e - a +2 cloak (worn)
Jewellery
 i - an amulet of guardian spirit (around neck)
Scrolls
 a - a scroll of identify
Potions
 d - 2 potions of might
 f - a potion of invisibility {unknown}
 j - a potion of enlightenment {unknown}
 k - a potion of mutation {unknown}
 l - a potion of curing {unknown}

Dungeon Overview and Level Annotations

Branches:
Dungeon (3/15)

Altars:

Shops:
D:1 :


Message History

The orc wizard hits you but does no damage.
The goblin misses you. The orc hits you with a +0 falchion.
You hear some strange, mumbled words.
A magic dart appears from out of thin air!
The magic dart hits you! The goblin hits you but does no damage.
The orc hits you with a +0 falchion. The goblin hits you but does no damage.
The orc barely misses you.
You hear some strange, mumbled words.
You are more confused.
The orc wizard gestures at you while chanting.
The magic dart hits you. The orc closely misses you.
The goblin hits you with a +0 dagger. Something hits you.
The orc hits you but does no damage. The goblin barely misses you.
The orc closely misses you. Something hits you but does no damage.
The goblin hits you but does no damage. The orc hits you but does no damage.
The orc hits you but does no damage. The goblin hits you but does no damage.
Something hits you.
The orc wizard hits you but does no damage.
The orc closely misses you. The goblin hits you but does no damage.
The orc hits you with a +0 short sword. Something hits you but does no damage.
The orc wizard hits you but does no damage.
The orc misses you. The orc closely misses you.
The goblin hits you with a +0 dagger. The orc hits you with a +0 short sword.
Something hits you but does no damage.
The orc wizard hits you but does no damage.
The orc hits you but does no damage. The goblin hits you but does no damage.
Something hits you. The orc hits you but does no damage.
The orc wizard hits you but does no damage.
You feel less confused. The goblin hits you but does no damage.
The orc barely misses you. The orc hits you but does no damage.
Something hits you but does no damage. The orc wizard casts a spell at you.
You are confused.
The orc hits you but does no damage. The goblin hits you but does no damage.
You hear some strange, mumbled words.
A magic dart appears from out of thin air!
The magic dart hits you.
You die...

#############.#
.........#...........#.#
........?#...........#.#
.........#...........#.#
.........#...........#.#
.........#...........#.#
........##...........#.#
......og##...........#.#
.....o{@##...........#.#
......oo'%...........%..
........##..............
........#############...
........# #... ........#
##+# ######### #.# ###
#.# ..####.#


You could see an orc wizard, 3 orcs and a goblin.

Vanquished Creatures
  2 adders
  2 worms
  A dart slug (D:3)
  2 bats (D:2)
  4 endoplasms
  4 goblins (D:2)
  2 hobgoblins (D:2)
  3 kobolds
  2 quokkas
  3 ball pythons
  3 frilled lizards (D:2)
  8 rats
36 creatures vanquished.

Notes
Turn   | Place    | Note
-------+----------+-------------------------------------------
     0 | D:1      | qw the Gargoyle Fighter began the quest for the Orb.
     0 | D:1      | Reached XP level 1. HP: 14/14 MP: 1/1
     0 | D:1      | 0 ||| qw: Version: 0.2-a-29-g1fa15c8
     0 | D:1      | 0 ||| qw: Game counter: 5041
     0 | D:1      | 0 ||| qw: Always use a shield: true
     0 | D:1      | 0 ||| qw: God list: Okawaru
     0 | D:1      | 0 ||| qw: Allow faded altars: false
     0 | D:1      | 0 ||| qw: Do Orc after D:15 true
     0 | D:1      | 0 ||| qw: Do second Lair branch before Depths: true
     0 | D:1      | 0 ||| qw: Lair rune preference: random
     0 | D:1      | 0 ||| qw: Plans: Normal, Zot:1-4, Slime:5, God:TSO, Crypt,
                  | Tomb, Abyss, Pan, Hells, Win
     0 | D:1      | 0 ||| PLANNING D:1-11
   231 | D:1      | 231 ||| Stepping ~*~*~tactically~*~*~ (hiding).
   233 | D:1      | 233 ||| Stepping ~*~*~tactically~*~*~ (hiding).
   352 | D:1      | Found Qaiddeef's Book Emporium.
   645 | D:1      | Reached XP level 2. HP: 19/19 MP: 2/2
   873 | D:1      | 873 ||| UPGRADING to +2 cloak.
   878 | D:1      | 878 ||| READING 2 scrolls labelled FOEKYF TUUWK.
   879 | D:1      | 879 ||| READING scroll labelled YCVOEMEUJE.
   880 | D:1      | 880 ||| READING scroll labelled MIUROO UMNIU.
   949 | D:2      | Reached skill level 3 in Axes
  1103 | D:2      | Reached XP level 3. HP: 23/23 MP: 3/3
  1201 | D:2      | 1201 ||| Stepping ~*~*~tactically~*~*~ (stealth).
  1286 | D:2      | 1286 ||| Stepping ~*~*~tactically~*~*~ (stealth).
  1314 | D:2      | 1314 ||| Stepping ~*~*~tactically~*~*~ (hiding).
  1315 | D:2      | 1315 ||| Stepping ~*~*~tactically~*~*~ (hiding).
  1338 | D:2      | 1338 ||| Stepping ~*~*~tactically~*~*~ (stealth).
  1341 | D:2      | 1341 ||| Stepping ~*~*~tactically~*~*~ (stealth).
  1350 | D:2      | 1350 ||| Stepping ~*~*~tactically~*~*~ (stealth).
  1389 | D:2      | 1389 ||| Stepping ~*~*~tactically~*~*~ (stealth).
  1405 | D:2      | 1405 ||| DROPPING +0 club.
  1762 | D:2      | 1762 ||| UPGRADING to amulet of guardian spirit.
  1767 | D:2      | 1767 ||| READING scroll labelled FOJYVV VINA.
  1768 | D:2      | 1768 ||| READING scroll labelled QAIRAYR QOUPT.
  1771 | D:2      | 1771 ||| READING scroll labelled XIUCSOR ZAPNET.
  1772 | D:2      | 1772 ||| READING scroll labelled ATUWNAU MAXKIA.
  1836 | D:3      | 1836 ||| DROPPING +0 whip.
  2168 | D:3      | 2168 ||| Stepping ~*~*~tactically~*~*~ (hiding).
  2170 | D:3      | 2170 ||| Stepping ~*~*~tactically~*~*~ (hiding).
  2297 | D:3      | Reached XP level 4. HP: 28/28 MP: 4/4
  2300 | D:3      | 2300 ||| Stepping ~*~*~tactically~*~*~ (hiding).
  2318 | D:3      | HP: 7/28 [something (3)]
  2320 | D:3      | HP: 2/28 [orc/+0 short sword (2)]
  2323 | D:3      | Killed from afar by an orc wizard

Levels and vault maps discovered:
D:1:      mushboom_english_gardens, layout_basic, serial_shops,
          nicolae_shop_tiny_waterfront, nicolae_concentric_dashed_squares_mild
D:2:      layout_basic, serial_rivers, chequers_serial_rivers_micro_c,
          chequers_serial_rivers_room_a, chequers_serial_rivers_micro_a,
          chequers_serial_rivers_micro_c, chequers_serial_rivers_large_b,
          chequers_serial_rivers_small_b, minmay_misc_feat_roman,
          hangedman_glass_teeth
D:3:      cheibrodos_old_hovel, layout_basic

Skill      XL: |  1  2 |
---------------+-------+-----
Axes           | 2 3 |  3.8
Fighting       | |  3.2
Armour         | |  3.2
Shields        | |  3.2

Action                     |  1- 3 |  4- 6 || total
---------------------------+-------+-------++-------
  Melee: War axe           |    68 |     7 ||    75
  Throw: Boomerang         |    32 |       ||    32
    Use: Scroll            |     7 |       ||     7
 Armour: Scale mail        |    38 |    31 ||    69
  Dodge: Dodged            |    23 |    11 ||    34
  Block: Buckler           |    13 |     1 ||    14

Table legend:
 A = Non-vault XP
 B = Vault XP
 C = Vault XP percentage of total XP
 D = Non-vault monster count
 E = Vault monster count
 F = Vault count percentage of total count
                 A         B        C        D         E       F
            +---------+---------+-------+---------+---------+-------
      Total |      86 |       1 |   1.1 |      35 |       1 |   2.8
            +---------+---------+-------+---------+---------+-------
        D:1 |      12 |       0 |   0.0 |       8 |       0 |   0.0
        D:2 |      47 |       0 |   0.0 |      21 |       0 |   0.0
        D:3 |      27 |       1 |   3.6 |       6 |       1 |  14.3
            +---------+---------+-------+---------+---------+-------
